 Dungeon Crawl Stone Soup version 0.21-a0-369-g397cdb2 (webtiles) character file.

33994 wolfburn the Brawler (level 13, -1/133 HPs)
             Began as a Troll Monk on Oct 15, 2017.
             Was a High Priest of Okawaru.
             Slain by an 11-headed hydra (3 damage)
             ... while paralysed
             ... on level 4 of the Lair of Beasts.
             The game lasted 00:25:37 (15699 turns).

wolfburn the Brawler (Troll Monk)                  Turns: 15699, Time: 00:25:38

Health: -1/133     AC: 10    Str: 26    XL:     13   Next: 39%
Magic:  15/16      EV:  1    Int:  6    God:    Okawaru [*****.]
Gold:   1005       SH:  0    Dex: 12    Spells: 12/12 levels left

rFire    + . .     SeeInvis .     - Unarmed
rCold    + . .     Gourm    +   (no shield)
rNeg     . . .     Faith    +   j - +0 robe {rC+ rF+}
rPois    .         Spirit   .   B - +2 hat
rElec    .         Reflect  .   q - +2 cloak
rCorr    .         Harm     .   (gloves unavailable)
MR       .....                  (boots unavailable)
Stlth    +++.......             D - amulet of faith
HPRegen  0.72/turn              (no ring)
MPRegen  0.15/turn              (no ring)

@: paralysed, heroism, berserk cooldown, slowed
A: unfitting armour, claws 3, fast metabolism 3, gourmand, regeneration 1,
shaggy fur 1, tough skin 2
a: Heroism, Finesse, Renounce Religion


You were on level 4 of the Lair of Beasts.
You worshipped Okawaru.
Okawaru was extremely pleased with you.
You were very full.

You visited 3 branches of the dungeon, and saw 15 of its levels.
You also visited: Labyrinth, Bailey and Volcano.

You collected 1005 gold pieces.

Inventory:

Hand Weapons
 R - the +4 arbalest "Cuyvot" {penet, Int+5 SInv}
   (You found it in a labyrinth)

   Ammo fired by it will pass through the targets it hits, potentially hitting
   all targets in its path until it reaches maximum range.
   It affects your intelligence (+5).
   It lets you see invisible.
Missiles
 h - 63 sling bullets
 l - 425 stones
 p - 12 large rocks (quivered)
 E - 4 steel javelins
Armour
 a - a +0 robe
 j - a +0 robe of resistance (worn)
 m - the +0 mask of the Dragon {MR+ Slay+3 SInv}
   (You found it in a bailey)

   It affects your accuracy and damage with ranged weapons and melee attacks
   (+3).
   It affects your resistance to hostile enchantments.
   It lets you see invisible.
 q - a +2 cloak (worn)
 B - a +2 hat (worn)
 S - a +1 hat of intelligence
Jewellery
 w - an uncursed amulet of harm
 D - an amulet of faith (around neck)
 I - an uncursed ring of teleportation
 O - the ring "Vann" {Fire rElec rN+}
   (You found it in a labyrinth)

   [ring of fire]

   It enhances your fire magic.
   It protects you from fire.
   It makes you vulnerable to cold.
   It insulates you from electricity.
   It protects you from negative energy.
 U - an uncursed ring of ice
Wands
 t - a wand of flame (30/48)
 u - a wand of flame (23/48)
 v - a wand of confusion (28/48)
 y - a wand of lightning (8/15)
 z - a wand of lightning (7/15)
 F - a wand of acid (7/15)
 M - a wand of iceblast (11/15)
 P - a wand of lightning (3/15)
 Q - a wand of lightning (9/15)
Scrolls
 g - 3 scrolls of fog
 o - 3 scrolls of remove curse
 G - a scroll of vulnerability
 H - 2 scrolls of magic mapping
 K - a scroll of enchant weapon
 N - a scroll of recharging
 T - a scroll of amnesia
 V - 2 scrolls of blinking
 W - a scroll of summoning {unknown}
 X - 2 scrolls of teleportation
 Y - 2 scrolls of identify
Potions
 c - 3 potions of curing
 d - a potion of might
 e - 4 potions of cancellation
 f - a potion of agility
 r - 5 potions of brilliance
 x - 3 potions of berserk rage
 A - 2 potions of ambrosia
 C - 4 potions of resistance
 J - a potion of flight
Books
 L - a book of Debilitation

   Spells                             Type                      Level
   a - Corona                         Hexes                        1
   b - Slow                           Hexes                        2
   c - Inner Flame                    Hexes/Fire                   3
   d - Portal Projectile              Hexes/Translocation          3
   e - Cause Fear                     Hexes                        4
   f - Leda's Liquefaction            Hexes/Earth                  4
Miscellaneous
 n - a phial of floods
Comestibles
 b - 10 bread rations
 i - 8 royal jellies
 k - 7 meat rations
 s - 13 fruits


   Skills:
 + Level 10.0(15.0) Fighting
 - Level 9.2(14.2) Throwing
 + Level 3.8(8.8) Dodging
 - Level 1.0(6.0) Stealth
 * Level 15.5(20.5) Unarmed Combat
 - Level 5.9 Invocations


You had 12 spell levels left.
You didn't know any spells.

Dungeon Overview and Level Annotations

Branches:
Dungeon (10/15)            Temple (1/1) D:7            Lair (4/6) D:9
  Snake (0/4) Lair:2
  Swamp: Lair:2-4    Shoals: Lair:2-4       Orc: D:9-12

Altars:
Ashenzari
Cheibriados
Dithmenos
Elyvilon
Fedhas
Gozag
Kikubaaqudgha
Nemelex Xobeh
Okawaru
Qazlal
Ru
Trog
Vehumet
Wu Jian
Xom
Yredelemnul
The Shining One


Innate Abilities, Weirdness & Mutations

You are too large for most types of armour.
You have claws for hands.
Your metabolism is lightning-fast.
You like to eat raw meat.
Your natural rate of healing is unusually fast.
You are covered in fur. (AC +1)
You have very tough skin. (AC +2)


Message History

The nine-headed hydra bites you!
* * * LOW HITPOINT WARNING * * *
The nine-headed hydra bites you!
* * * LOW HITPOINT WARNING * * *
The nine-headed hydra bites you but does no damage.
You rip one of the nine-headed hydra's heads off!
The eight-headed hydra grows two more!
You mangle the ten-headed hydra!!
The ten-headed hydra is moderately wounded.
You tear one of the ten-headed hydra's heads off!
The nine-headed hydra grows two more!
You mangle the 11-headed hydra!!
The 11-headed hydra is heavily wounded.
Unknown command.
You feel a strong urge to attack something.
You feel your anger nearly subside.
You are no longer berserk.
You pass out from exhaustion.
You feel yourself slow down. The 11-headed hydra bites you.
* * * LOW HITPOINT WARNING * * *
The 11-headed hydra bites you.
You die...

### # #### ###### #.####
####..#####.#..##############.#.#
.<...............................
..........##......P#.............
..........##P......#......#..##.P
..........##....@.##...##.#.##.##
..........##....D.P##..####.###..
..........##......##...## #..###.
..........##P......#....# #.## ##
..........###.....###...# #.# .
..........###...........# #.##
...........P...........####.P#
..#######..(..P.........#...# ###
###+.P.P............# #


You could see a 11-headed hydra.

Vanquished Creatures
  Gastronok (D:8)
  A minotaur (Lab)
  4 hydras
  Fannar (Lair:3)
  An ogre mage (Volcano)
  8 two-headed ogres
  A hell knight (Volcano)
  An orc knight (Bailey)
  Pikel (D:6)
  A lindwurm (Lair:3)
  3 black mambas
  A guardian serpent (Lair:2)
  8 spiny frogs
  4 gargoyles (Lab)
  A torpor snail (Lair:4)
  A rime drake (Lair:3)
  9 komodo dragons
  2 hornets (Lair:3)
  4 dream sheep (Lair:4)
  4 slime creatures (D:9)
  2 hippogriffs (Lair:1)
  3 wyverns
  5 yaks (Lair:1)
  A basilisk (D:9)
  2 steam dragons (D:9)
  10 water moccasins
  11 porcupines
  Duvessa (D:5)
  2 ice beasts (D:5)
  2 black bears
  2 sky beasts
  6 orc warriors
  7 ogres
  17 wolves
  2 necrophages
  A phantom (D:4)
  2 centaurs (D:8)
  6 crocodiles
  A gnoll sergeant (D:8)
  15 bullfrogs
  Dowan (D:5)
  A water moccasin zombie (D:8)
  2 scorpions
  2 electric eels (Lair:4)
  4 howler monkeys
  4 crimson imps
  3 hounds
  A jelly (D:7)
  The ghost of wazuzu the Scratcher, a weakling FeTm (D:3)
  A bullfrog skeleton (D:5)
  9 orc priests
  14 orc wizards
  5 iguanas
  2 hell rats (D:7)
  4 worker ants
  2 hound zombies
  3 hound skeletons
  Robin (D:3)
  15 gnolls
  A howler monkey skeleton (D:8)
  8 adders
  5 river rats (D:7)
  An ooze (D:3)
  2 adder zombies
  4 worms
  5 dart slugs
  6 leopard geckos
  54 orcs
  4 giant cockroaches
  15 goblins
  13 hobgoblins
  12 jackals
  8 quokkas
  A ball python (D:6)
  5 bats
  4 frilled lizards
  2 gnoll zombies (D:8)
  A jackal zombie (D:8)
  10 kobolds
  17 rats
408 creatures vanquished.

Vanquished Creatures (others)
  A centaur skeleton (D:6)
  31 plants
32 creatures vanquished.

Grand Total: 440 creatures vanquished

Notes
Turn   | Place    | Note
-------+----------+-------------------------------------------
     0 | D:1      | wolfburn the Troll Monk began the quest for the Orb.
     0 | D:1      | Reached XP level 1. HP: 22/22 MP: 0/0
    66 | D:1      | Reached XP level 2. HP: 29/29 MP: 1/1
   440 | D:2      | Reached XP level 3. HP: 29/36 MP: 2/2
   541 | D:2      | Reached skill level 4 in Unarmed Combat
  1630 | D:1      | Reached XP level 4. HP: 41/45 MP: 3/3
  2387 | D:3      | Noticed wazuzu's ghost (weakling FeTm)
  2390 | D:3      | Killed wazuzu's ghost
  2390 | D:3      | Reached skill level 5 in Unarmed Combat
  2390 | D:3      | Reached XP level 5. HP: 43/53 MP: 4/4
  2879 | D:3      | Noticed Robin
  2908 | D:3      | Killed Robin
  3614 | D:4      | Noticed a phantom
  3638 | D:4      | Killed a phantom
  3638 | D:4      | Reached skill level 6 in Unarmed Combat
  3638 | D:4      | Reached XP level 6. HP: 39/62 MP: 5/5
  4510 | D:5      | Entered Level 5 of the Dungeon
  4512 | D:5      | Noticed an ice beast
  4519 | D:4      | Reached XP level 7. HP: 39/70 MP: 6/6
  4668 | D:5      | Reached skill level 1 in Throwing
  4668 | D:5      | Reached skill level 7 in Unarmed Combat
  5413 | D:5      | Reached XP level 8. HP: 79/79 MP: 7/7
  5424 | D:5      | Reached skill level 8 in Unarmed Combat
  5441 | D:5      | Noticed Dowan
  5442 | D:5      | Noticed Duvessa
  5457 | D:5      | Killed Duvessa
  5457 | D:5      | Reached skill level 5 in Fighting
  5469 | D:5      | Killed Dowan
  6118 | D:6      | Noticed Pikel
  6132 | D:6      | Killed Pikel
  6132 | D:6      | Reached skill level 9 in Unarmed Combat
  6132 | D:6      | Reached XP level 9. HP: 69/89 MP: 8/8
  7313 | D:7      | Found a staircase to the Ecumenical Temple.
  7347 | Temple   | Entered the Ecumenical Temple
  7368 | Temple   | Became a worshipper of Warmaster Okawaru
  7368 | Temple   | Reached * piety under Okawaru
  7368 | Temple   | Reached ** piety under Okawaru
  7469 | D:7      | Found a shattered altar of Ashenzari.
  7555 | D:7      | Reached skill level 10 in Unarmed Combat
  8227 | D:8      | Reached skill level 5 in Throwing
  8315 | D:8      | Noticed Gastronok
  8327 | D:8      | Killed Gastronok
  8327 | D:8      | Reached *** piety under Okawaru
  8327 | D:8      | Reached skill level 11 in Unarmed Combat
  8327 | D:8      | Reached XP level 10. HP: 21/100 MP: 7/9
  8451 | D:8      | Noticed a two-headed ogre
  8458 | D:8      | Killed a two-headed ogre
  8458 | D:8      | Reached **** piety under Okawaru
  8686 | D:8      | Noticed a two-headed ogre
  8691 | D:8      | Killed a two-headed ogre
  8717 | D:8      | Reached skill level 12 in Unarmed Combat
  9183 | D:8      | Found a basalt altar of Yredelemnul.
  9652 | D:9      | Found a flagged portal.
  9667 | Bailey   | Entered a bailey
  9690 | Bailey   | Found the +0 mask of the Dragon {MR+ Slay+3 SInv}
  9713 | Bailey   | Noticed an orc knight
  9719 | Bailey   | Found a burning altar of Makhleb.
  9725 | Bailey   | Killed an orc knight
  9729 | Bailey   | Reached XP level 11. HP: 32/110 MP: 8/10
  9865 | D:9      | Reached skill level 1 in Invocations
  9956 | D:9      | Received a gift from Okawaru
 10330 | D:9      | Found an ornate altar of the Wu Jian Council.
 10548 | D:9      | Found a staircase to the Lair.
 10736 | D:9      | Found a white marble altar of Elyvilon.
 10736 | D:9      | Found a snail-covered altar of Cheibriados.
 10736 | D:9      | Found a sparkling altar of Nemelex Xobeh.
 10736 | D:9      | Found an ancient bone altar of Kikubaaqudgha.
 10738 | D:9      | Found an opulent altar of Gozag.
 10778 | D:10     | Entered Level 10 of the Dungeon
 10953 | D:10     | Found a shimmering altar of Xom.
 10955 | D:10     | Found a glowing silver altar of Zin.
 10955 | D:10     | Found a glowing golden altar of the Shining One.
 10957 | D:10     | Found an iron altar of Okawaru.
 10957 | D:10     | Found a glowing golden altar of the Shining One.
 10957 | D:10     | Found a blossoming altar of Fedhas.
 11280 | Lair:1   | Entered Level 1 of the Lair of Beasts
 11425 | Lair:1   | Reached skill level 13 in Unarmed Combat
 11598 | Lair:1   | Received a gift from Okawaru
 11691 | Lair:1   | Reached ***** piety under Okawaru
 11805 | Lair:1   | Noticed a six-headed hydra
 11847 | Lair:1   | Killed a six-headed hydra
 12251 | Lair:2   | Received a gift from Okawaru
 12435 | Lair:2   | Found a staircase to the Snake Pit.
 12743 | Lair:2   | Noticed a seven-headed hydra
 12774 | Lair:2   | Killed a seven-headed hydra
 12774 | Lair:2   | Received a gift from Okawaru
 12968 | Lair:2   | Reached XP level 12. HP: 105/122 MP: 12/14
 13167 | Lair:3   | Noticed a six-headed hydra
 13256 | Lair:3   | Noticed Fannar
 13271 | Lair:3   | Found a labyrinth entrance.
 13281 | Lab      | Entered a labyrinth
 13544 | Lab      | Noticed a minotaur
 13552 | Lab      | Killed a minotaur
 13552 | Lab      | Received a gift from Okawaru
 13565 | Lab      | Got a scorched iron ring
 13566 | Lab      | Got a faintly glowing arbalest
 13567 | Lab      | Identified the +4 arbalest "Cuyvot" {penet, Int+5 SInv} (You found it in a labyrinth)
 13568 | Lab      | Identified the ring "Vann" {Fire rElec rN+} (You found it in a labyrinth)
 13620 | Lair:3   | Reached skill level 14 in Unarmed Combat
 13652 | Lair:3   | Killed Fannar
 13652 | Lair:3   | Received a gift from Okawaru
 13655 | Lair:3   | Killed an eight-headed hydra
 13655 | Lair:3   | Reached skill level 5 in Invocations
 13748 | Lair:3   | Found a dark tunnel.
 13753 | Volcano  | Entered a volcano
 13809 | Volcano  | Noticed an ogre mage
 13813 | Volcano  | Found a radiant altar of Vehumet.
 13814 | Volcano  | Noticed a two-headed ogre
 13815 | Volcano  | Noticed a two-headed ogre
 13816 | Volcano  | Noticed a two-headed ogre
 13817 | Volcano  | Killed a two-headed ogre
 13817 | Volcano  | Received a gift from Okawaru
 13825 | Volcano  | Killed a two-headed ogre
 13827 | Volcano  | Killed a two-headed ogre
 13842 | Volcano  | Killed an ogre mage
 13851 | Volcano  | Noticed a two-headed ogre
 13851 | Volcano  | Noticed a two-headed ogre
 13851 | Volcano  | Noticed a two-headed ogre
 13858 | Volcano  | Killed a two-headed ogre
 13858 | Volcano  | Received a gift from Okawaru
 13859 | Volcano  | Killed a two-headed ogre
 13865 | Volcano  | Killed a two-headed ogre
 14573 | Lair:3   | Reached XP level 13. HP: 117/131 MP: 16/16
 14618 | Lair:3   | Reached skill level 15 in Unarmed Combat
 15304 | Lair:4   | Received a gift from Okawaru
 15444 | Lair:4   | Reached skill level 10 in Fighting
 15691 | Lair:4   | HP: 2/199 [nine-headed hydra (10)]
 15699 | Lair:4   | HP: 2/133 [11-headed hydra (4)]
 15699 | Lair:4   | Slain by an 11-headed hydra

Vault maps used:
D:1:      dpeg_arrival_connections
D:2:      minmay_stone_trees_small
D:3:      supply_closet_lemuel, kennysheep_nub, uniq_robin
D:5:      first_bread, uniq_duvessa
D:6:      uniq_pikel
D:7:      lemuel_ratsnest, minmay_temple_entry_crystal_x, ashenzari_altar_1
D:8:      lemuel_zombie_altar_yredelemnul, uniq_gastronok
D:9:      minitemple, erik_lair_dragon, enter_bailey_7, grunt_ogre_cave
D:10:     doesnt_xom_only_xom
Temple:   regret_index_temple_waves
Lair:1:   minivault_25
Lair:2:   minmay_snake_entry_spellcaster
Lair:3:   cheibrodos_lair_overgrown_chateau, enter_volcano_4, lab_entry_generic,
          uniq_fannar
Lair:4:   elwin_shoals_entry_rooms, grunt_forest_stairs_basic,
          serial_bayou_shore_a, grunt_megastairs_1
Lab:      labyrinth_mini_lab, nicolae_lab_very_dead_end, nicolae_lab_starburst,
          lab_block, labyrinth_skeletal_remains, nicolae_lab_quarters,
          nicolae_lab_grate_2
Bailey:   bailey_axe_3, bailey
Volcano:  kennysheep_volcano_temple

Skill      XL: |  1  2  3  4  5  6  7  8  9 10 11 12 13 |
---------------+----------------------------------------+-----
Unarmed Combat | 4 5 6 7 9 11 12 13 14 15 | 15.5
Fighting       | 3 4 5 6 7 8 9 10 | 10.0
Throwing       | 2 4 5 7 8 9 |  9.2
Invocations    | 4 5 |  5.9
Dodging        | 3 |  3.8
Stealth        | |  1.0

Action                   |  1- 3 |  4- 6 |  7- 9 | 10-12 | 13-15 || total
-------------------------+-------+-------+-------+-------+-------++-------
Melee: Unarmed           |    78 |   198 |   313 |   408 |   114 ||  1111
       Punch             |     1 |     2 |    17 |    29 |     9 ||    58
Throw: Large rock        |       |       |       |    26 |     6 ||    32
Invok: Heroism           |       |       |     6 |    31 |    11 ||    48
       Finesse           |       |       |       |     3 |       ||     3
Evoke: Phial of floods   |       |       |       |     1 |       ||     1
  Use: Scroll            |       |     6 |     4 |    20 |     1 ||    31
       Potion            |       |       |     4 |    11 |     1 ||    16
 Stab: Sleeping          |       |     2 |     2 |     3 |     1 ||     8
       Distracted        |       |       |     1 |     1 |       ||     2
  Eat: Chunk             |    14 |    23 |    35 |    43 |    18 ||   133
       Bread ration      |       |     1 |       |     1 |       ||     2
       Meat ration       |       |       |     1 |       |       ||     1
Armor: Robe              |    30 |    60 |    73 |   111 |    31 ||   305
Dodge: Dodged            |    25 |    90 |   162 |   232 |    71 ||   580

Table legend:
 A = Spawn XP
 B = Non-spawn XP
 C = Spawn XP percentage of total XP
 D = Spawn monster count
 E = Non-spawn monster count
 F = Spawn count percentage of total count
 G = Total turns spent on level
                    A         B        C        D         E        F      G
               +---------+---------+-------+---------+---------+-------+---------
         Total |       0 |   48563 |   0.0 |       0 |     408 |   0.0 | 15699
               +---------+---------+-------+---------+---------+-------+---------
           D:1 |       0 |      73 |   0.0 |       0 |      31 |   0.0 |  1005
           D:2 |       0 |      67 |   0.0 |       0 |      18 |   0.0 |  1322
           D:3 |       0 |     187 |   0.0 |       0 |      33 |   0.0 |  1284
           D:4 |       0 |     622 |   0.0 |       0 |      22 |   0.0 |  1321
           D:5 |       0 |    1067 |   0.0 |       0 |      28 |   0.0 |  1056
           D:6 |       0 |    1481 |   0.0 |       0 |      31 |   0.0 |  1164
           D:7 |       0 |     377 |   0.0 |       0 |      30 |   0.0 |   854
           D:8 |       0 |    5645 |   0.0 |       0 |      44 |   0.0 |  1509
           D:9 |       0 |    3619 |   0.0 |       0 |      44 |   0.0 |  1156
          D:10 |       0 |      90 |   0.0 |       0 |       4 |   0.0 |   419
        Lair:1 |       0 |    4356 |   0.0 |       0 |      24 |   0.0 |   908
        Lair:2 |       0 |    3350 |   0.0 |       0 |      10 |   0.0 |   972
        Lair:3 |       0 |   10520 |   0.0 |       0 |      37 |   0.0 |  1059
        Lair:4 |       0 |    6321 |   0.0 |       0 |      30 |   0.0 |   875
           Lab |       0 |    2759 |   0.0 |       0 |       5 |   0.0 |   294
        Bailey |       0 |     927 |   0.0 |       0 |       9 |   0.0 |   155
       Volcano |       0 |    7102 |   0.0 |       0 |       8 |   0.0 |   311
               +---------+---------+-------+---------+---------+-------+---------
